 Dungeon Crawl Stone Soup version 0.30-a0-918-g0ff054e9dc (webtiles) character file.

Game seed: 13491692325767055576

78 jasper the Chucker (level 4, -2/34 HPs)
             Began as a Demonspawn Wanderer on Mar 20, 2023.
             Killed from afar by Natasha (6 damage)
             ... with a magic dart
             ... on level 3 of the Dungeon.
             The game lasted 00:03:23 (2166 turns).

jasper the Chucker (Demonspawn Wanderer)            Turns: 2166, Time: 00:03:24

Health: -2/34      AC:  6    Str: 13    XL:     4   Next: 15%
Magic:  4/4        EV: 10    Int: 13    God:
Gold:   102        SH:  0    Dex: 14    Spells: 3/3 levels left

rFire   . . .      SeeInvis .      - Unarmed
rCold   . . .      Faith    .    (no shield)
rNeg    . . .      Spirit   .    n - +1 ring mail
rPois   .          Reflect  .    (helmet restricted)
rElec   .          Rampage  .    (no cloak)
rCorr   .                        (no gloves)
Will    .....                    (no boots)
Stlth   +                        (no amulet)
HPRegen 0.25/turn                (no ring)
MPRegen 0.09/turn                (no ring)

@: slowed, very slow
A: horns 1, powered by pain 1, demonic touch 1
a: no special abilities


You were on level 3 of the Dungeon.
You visited 1 branch of the dungeon, and saw 3 of its levels.

You collected 102 gold pieces.

Inventory:

Hand Weapons
 a - a +3 dagger
 f - a +0 hand axe
Missiles
 j - 9 poisoned darts (quivered)
Armour
 e - a +0 leather armour
 n - a +1 ring mail (worn)
Jewellery
 k - a ring of poison resistance
Scrolls
 d - 2 scrolls of vulnerability
 g - a scroll of enchant armour
 i - a scroll of amnesia
Potions
 c - a potion of lignification
 h - a potion of might {unknown}
 l - 2 potions of brilliance {unknown}
 m - a potion of haste {unknown}
 o - a potion of ambrosia {unknown}
 p - 2 potions of degeneration


   Skills:
 + Level 2.9 Fighting
 - Level 0.9 Axes
 - Level 4.5 Throwing
 - Level 1.1 Armour
 - Level 1.0 Stealth
 * Level 2.4 Unarmed Combat
 - Level 1.0 Evocations


You had 3 spell levels left.
You didn't know any spells.
Your spell library contained the following spells:

 Spells                   Type           Power      Damage    Failure   Level
 Ensorcelled Hibernation  Hex/Ice        0%         N/A       69%         2
 Spider Form              Tmut/Pois      0%         N/A       89%         3
 Anguish                  Hex/Necr       0%         N/A       100%        4


Dungeon Overview and Level Annotations

Branches:
Dungeon (3/15)

Altars:
Ashenzari

Annotations:
D:3 Natasha


Innate Abilities, Weirdness & Mutations

You have a pair of small horns on your head.
You sometimes gain a little power by taking damage.
Your touch may inflict minor irresistible damage on your foes.


Message History

The curare-tipped dart barely misses the orc priest.
The orc shouts!
Throw: 2 darts (curare)
Press: ? - help, Q - select action, (/) - cycle Shift-Dir - straight line, f/p - orc priest
Aim: an orc priest, wielding a +0 trident and wearing a +0 leather armour (62% to hit)
You throw a curare-tipped dart.
The curare-tipped dart closely misses the orc priest.
The orc priest hits you from afar with a +0 trident!
You take 8 damage, and have 26/34 hp.
MASSIVE DAMAGE!!
The orc priest looks satisfied for a moment.
The orc priest mumbles some strange prayers to Beogh against you.
Pain shoots through your body!
You take 4 damage, and have 22/34 hp.
There is an open door here.
Throw: dart (curare)
Press: ? - help, Q - select action, (/) - cycle Shift-Dir - straight line, f/p - orc priest
Aim: an orc priest, wielding a +0 trident and wearing a +0 leather armour (62% to hit)
You throw a curare-tipped dart.
The curare-tipped dart hits the frilled lizard.
The frilled lizard is poisoned.
The frilled lizard convulses.
You kill the frilled lizard!
You aren't carrying any items that you can evoke.
Okay, then.
Unknown command.
Natasha mumbles some strange words.
There is an open door here.
The orc priest calls down the wrath of Beogh upon you.
Beogh smites you!
There is an open door here.
You take 10 damage, and have 15/34 hp.
MASSIVE DAMAGE!!
You close the door.
An orc opens the door.
Natasha casts a spell at you.
You feel yourself slow down.
The orc priest invokes the aid of Beogh against you.
Beogh smites you!
* * * LOW HITPOINT WARNING * * *
Natasha casts a spell at you. The magic dart hits you.
You die...

#.....5.# ....##
#.......# ...#
#..o....# ...#
#.o5....# ....
##h###### #### #.#
#.# #.# #@# #.# #.#
#.# #.#
######.#############
#...........##.##..
###########.##.##.#
#.....##.##.#


You could see an orc priest, Natasha, a crimson imp (summoned) and an orc.

Vanquished Creatures
  Natasha (D:3)
  2 adders (D:2)
  3 dart slugs
  2 bats
  2 endoplasms
  A giant cockroach (D:2)
  5 goblins
  5 hobgoblins
  A kobold (D:1)
  2 quokkas
  A ball python (D:1)
  A frilled lizard (D:3)
  2 rats
28 creatures vanquished.

Notes
Turn   | Place    | Note
-------+----------+-------------------------------------------
     0 | D:1      | jasper the Demonspawn Wanderer began the quest for the Orb.
     0 | D:1      | jasper set off with the following items: a +3 dagger, 4
                  | curare-tipped darts, a potion of lignification, a scroll of
                  | vulnerability, a +0 leather armour.
     0 | D:1      | Reached XP level 1. HP: 16/16 MP: 1/1
   111 | D:1      | Discovered your monstrous ancestry.
   111 | D:1      | Gained mutation: Your touch may inflict minor irresistible
                  | damage on your foes. [demonic ancestry]
   111 | D:1      | Reached XP level 2. HP: 8/22 MP: 2/2
  1218 | D:2      | Reached skill level 1 in Armour
  1218 | D:2      | Gained mutation: You sometimes gain a little power by
                  | taking damage. [demonic ancestry]
  1218 | D:2      | Reached XP level 3. HP: 25/28 MP: 3/3
  1940 | D:3      | Noticed Natasha
  1961 | D:3      | Killed Natasha
  1962 | D:3      | Gained mutation: You have a pair of small horns on your
                  | head. [demonic ancestry]
  1962 | D:3      | Reached XP level 4. HP: 34/34 MP: 4/4
  2031 | D:3      | Found a broken altar of Ashenzari.
  2143 | D:3      | Noticed Natasha
  2166 | D:3      | Killed from afar by Natasha

Illustrated notes

Levels and vault maps discovered:
D:1:      beargit_arrival_greenhouse, layout_rooms, serial_co_window_serial,
          co_window_of_opportunity_a, co_window_paths_a, co_window_cross_1,
          co_window_paths_b, co_window_of_opportunity_a, co_window_paths_b,
          co_window_paths_a, co_window_corner_a, co_window_paths_a,
          co_window_cross_4, co_window_broadway_c, co_window_of_opportunity_b,
          co_window_unsneaky_path_a, co_window_paths_d, glass_columns_a,
          glass_columns_c, glass_columns_a, glass_columns_a,
          serial_bayou_pond_a, amcnicky_mini_rare_corridor_liquid
D:2:      layout_basic
D:3:      layout_basic, ashenzari_conservatory_becter,
          minmay_misc_feat_four_crosses, uniq_natasha

Skill      XL: |  1  2  3 |
---------------+----------+-----
Armour         | 1 |  1.1
Unarmed Combat | 2 |  2.4
Fighting       | |  2.9
Axes           | |  0.9
Throwing       | |  4.5
Stealth        | |  1.0
Evocations     | |  1.0

Action                     |  1- 3 |  4- 6 || total
---------------------------+-------+-------++-------
  Melee: Dagger            |    19 |       ||    19
         Unarmed           |    55 |     2 ||    57
         Touch             |    10 |       ||    10
         Punch             |     2 |       ||     2
         Headbutt          |       |     1 ||     1
  Throw: Dart              |     5 |     4 ||     9
    Use: Scroll            |     6 |       ||     6
 Armour: Leather armour    |     2 |       ||     2
         Ring mail         |    11 |     1 ||    12
  Dodge: Dodged            |    28 |     1 ||    29

Table legend: (Time is in decaauts)
 A = Elapsed time spent in this place.
 B = Non-inter-level travel time spent in this place.
 C = Inter-level travel time spent in this place.
 D = Time resting spent in this place.
 E = Time spent auto-exploring this place.
 F = Levels seen in this place.
 G = Mean time per level.
                   A        B        C        D        E       F      G
               +--------+--------+--------+--------+--------+-----+--------+
         Total |   2162 |   2109 |     53 |    169 |   1574 |   3 |  720.7 |
       Dungeon |   2162 |   2109 |     53 |    169 |   1574 |   3 |  720.7 |
               +--------+--------+--------+--------+--------+-----+--------+

Top non-repeatable levels by time:
     D:2: 979 daAuts
     D:1: 969 daAuts
     D:3: 212 daAuts
